AoeStats
← gilabertantonio17

Arabia

507153138Analyzed
2v2 RM · 14d ago on Sep 16, 2026· 45m 41s· 4 players
Game mode
Random Map
Map size
Medium (4 player)
Population
200
Speed
Normal
Resources
Standard
Victory
Conquest
Starting age
Dark Age
Ending age
Imperial Age
RankedLock teamsTeams togetherTeam positionsShared explorationLock speedFull tech treeHidden civsTurbo modeCheats
Victory
Defeat
🇺🇸 Saracens · United States
888
+11
🇺🇸 Britons · United States
882
+12
🇪🇸 Spanish · Spain
807
-12
🇪🇸 Spanish · Spain
761
-11
Get Rich @ Hex.com
1:37 Loom
13:37 Feudal Age
14:07 Double-Bit Axe
18:32 Castle Age
18:12 Horse Collar
18:55 Bloodlines
18:44 Gold Mining
20:55 Elite Skirmisher
22:51 Fletching
23:07 Town Watch
27:32 Bloodlines
27:24 Husbandry
29:28 Scale Barding Armor
29:36 Forging
31:35 Heavy Plow
35:27 Imperial Age
33:58 Wheelbarrow
34:28 Chain Barding Armor
35:13 Iron Casting
35:53 Husbandry
36:32 Conscription
35:41 Elite Mameluke
37:59 Gold Shaft Mining
37:33 Heavy Camel Rider
38:52 Plate Barding Armor
43:08 Blast Furnace
43:58 Ballistics
44:39 Chemistry
Blondie
10:32 Feudal Age
8:48 Loom
17:19 Castle Age
15:42 Double-Bit Axe
15:48 Horse Collar
18:10 Wheelbarrow
19:33 Gold Mining
21:44 Bow Saw
26:56 Pikeman
27:41 Fletching
29:22 Hand Cart
28:52 Town Watch
29:17 Padded Archer Armor
29:56 Heavy Plow
30:11 Caravan
30:34 Squires
31:23 Scale Barding Armor
31:21 Scale Mail Armor
31:34 Bodkin Arrow
32:44 Yeomen
35:09 Gold Shaft Mining
37:24 Imperial Age
36:51 Leather Archer Armor
36:46 Forging
37:38 Ballistics
38:28 Conscription
38:22 Bracer
39:51 Chemistry
39:23 Ring Archer Armor
41:43 Elite Longbowman
44:20 Halberdier
45:08 Warwolf
oomorfeoo
0:55 Loom
12:29 Feudal Age
15:24 Horse Collar
15:33 Double-Bit Axe
22:04 Wheelbarrow
24:20 Castle Age
22:20 Stone Mining
25:56 Bow Saw
25:48 Heavy Plow
26:58 Stone Shaft Mining
29:49 Husbandry
31:12 Hand Cart
36:34 Imperial Age
35:35 Gold Mining
40:04 Cavalier
42:24 Two-Man Saw
41:34 Paladin
43:13 Scale Barding Armor
43:08 Scale Mail Armor
45:11 Chemistry
44:33 Ballistics
44:08 Elite Skirmisher
gilabertantonio17
13:09 Feudal Age
15:04 Double-Bit Axe
15:30 Horse Collar
19:45 Castle Age
21:10 Wheelbarrow
20:30 Town Watch
20:48 Heavy Plow
25:30 Fortified Wall
27:42 Hand Cart
28:13 Bow Saw
30:11 Town Patrol
30:53 Gold Mining
31:15 Scale Mail Armor
31:25 Forging
31:06 Fletching
31:18 Padded Archer Armor
32:49 Caravan
34:57 Leather Archer Armor
34:37 Bodkin Arrow
34:57 Chain Mail Armor
35:18 Iron Casting
34:52 Pikeman
35:33 Squires
35:19 Arson
36:30 Husbandry
37:27 Ballistics
39:17 Scale Barding Armor
45:46 Imperial Age
45:11 Chain Barding Armor
Connection lost

Rejoining the realm…

Still unreachable

The connection could not be restored.

Session expired

The server has moved on; the page needs a fresh start.